 Dungeon Crawl Stone Soup version 0.30-a0-715-gdb4ae3ece1 (webtiles) character file.

Game seed: 6800154902532235974

11 sokol815 the Shield-Bearer (level 2, 0/25 HPs)
             Began as a Demigod Fighter on Jan 24, 2023.
             Frozen to death by an endoplasm (5 damage)
             ... on level 1 of the Dungeon.
             The game lasted 00:00:24 (157 turns).

sokol815 the Shield-Bearer (Demigod Fighter)         Turns: 157, Time: 00:00:25

Health: 0/25       AC:  8    Str: 17    XL:     2   Next: 3%
Magic:  4/4        EV:  8    Int: 10    God:
Gold:   14         SH:  4    Dex: 13    Spells: 1/1 levels left

rFire   . . .      SeeInvis .    a - +0 long sword
rCold   . . .      Faith    .    c - +0 buckler
rNeg    . . .      Spirit   .    b - +0 scale mail
rPois   .          Reflect  .    e - +2 hat
rElec   .          Harm     .    (no cloak)
rCorr   .          Rampage  .    (no gloves)
Will    .....                    (no boots) Stlth
                                 (no amulet)
HPRegen 0.24/turn                (no ring)
MPRegen 0.09/turn                (no ring)

@: no status effects
A: high MP 1, forlorn, divine attributes
a: no special abilities


You were on level 1 of the Dungeon.
You visited 1 branch of the dungeon, and saw 1 of its levels.

You collected 14 gold pieces.

Inventory:

Hand Weapons
 a - a +0 long sword (weapon)
Armour
 b - a +0 scale mail (worn)
 c - a +0 buckler (worn)
 e - a +2 hat (worn)
   (You found it on level 1 of the Dungeon)
Potions
 d - a potion of flight {unknown}
 M - a potion of might


   Skills:
 - Level 2.6 Fighting
 + Level 2.6 Long Blades
 - Level 2.6 Armour
 - Level 2.6 Shields


You had one spell level left.
You didn't know any spells.
Your spell library contained the following spells:

 Spells                   Type           Power      Damage    Failure   Level
 Borgnjor's Revivificati  Necr           0%         N/A       100%        8
 Necromutation            Tmut/Necr      0%         N/A       100%        8
 Death's Door             Necr           0%         N/A       100%        9


Dungeon Overview and Level Annotations

Branches:
Dungeon (1/15) Zot: 5835


Innate Abilities, Weirdness & Mutations

You have an increased reservoir of magic. (+10% MP)
You shall have no god before yourself.
Your divine heritage dramatically boosts your attributes as you level up.


Message History

You slash the quokka!
You kill the quokka!
Health restored: 18 No target in view!
No target in view!
Things that are here:
a +0 club; a quokka corpse A giant cockroach comes into view.
You throw a stone.
The stone hits the giant cockroach but does no damage.
A giant cockroach is nearby!
You throw a stone.
The stone hits the giant cockroach but does no damage.
You throw a stone.
The stone hits the giant cockroach but does no damage.
The giant cockroach barely misses you.
You slash the giant cockroach!
You kill the giant cockroach!
No target in view!
No target in view!
You see here a giant cockroach corpse.
You now have 14 gold pieces (gained 9).
e - a +2 hat A bat comes into view.
You throw a stone. The stone hits the bat.
You closely miss the bat. The bat hits you but does no damage.
The bat barely misses you. You block the bat's attack.
You slash the bat!
You kill the bat!
No target in view!
No target in view!
You start putting on your armour.
You continue putting on your +2 hat. x4
You finish putting on your +2 hat.
s - a stone (quivered)
Found a stone staircase leading down.
A ball python comes into view.
The ball python hisses angrily.
You throw a stone.
The stone barely misses the ball python.
A kobold comes into view. It is wielding a +3 short sword.
The kobold shouts!
The kobold moves out of view.
The ball python bites you but does no damage.
The ball python grabs you. The ball python constricts you.
You barely miss the ball python.
The ball python bites you but does no damage.
The ball python constricts you. The ball python completely misses you.
The ball python constricts you.
You take 1 damage, and have 17/18 hp.
You hit the ball python.
You kill the ball python!
An endoplasm comes into view.
The kobold throws a stone.
The stone hits you.
You take 1 damage, and have 16/18 hp.
A bat comes into view.
The endoplasm quivers.
The kobold throws a stone.
The stone hits you but does no damage.
An endoplasm comes into view.
A quokka comes into view.
The kobold throws a stone.
The stone hits you but does no damage.
A goblin comes into view. It is wielding a +0 club.
The goblin shouts!
The kobold hits you with a +3 short sword.
You take 6 damage, and have 11/18 hp.
MASSIVE DAMAGE!!
You closely miss the kobold. The kobold closely misses you.
You slash the kobold!
You kill the kobold!
The bat closely misses you. The bat hits you.
You closely miss the bat. The bat barely misses you.
You block the bat's attack. The bat completely misses you.
The quokka barely misses you.
You slash the bat!
You kill the bat!
The quokka closely misses you.
The quokka bites you but does no damage.
You barely miss the endoplasm. The endoplasm freezes you.
You are frozen.
The quokka bites you but does no damage.
The endoplasm closely misses you.
You take 2 damage, and have 9/18 hp.
You slash the endoplasm!
You kill the endoplasm!
The quokka bites you but does no damage. x2
You have reached level 2!
You regained 4 hp, and now have 13/25 hp.
MP restored: 4 You closely miss the quokka.
The endoplasm freezes you.
You are frozen.
The quokka barely misses you.
You take 5 damage, and have 8/25 hp.
You hit the quokka.
You kill the quokka!
The endoplasm freezes you.
You are frozen.
* * * LOW HITPOINT WARNING * * *
The endoplasm freezes you.
You are frozen.
You die...

#.#.####
....##.#....# ..#.
#.####.# ##.#.# #.#
....... #.# ......#
#.# #g#.#.# #.#
#J#.#.# #.#
##.####@#.#.# #.#
....>...#.#.# #.#
.#.#.#..#.#.## #.#
......†......####.#
r#.#.#............#
........##...########
###########..........
###########


You could see an endoplasm and a goblin.

Vanquished Creatures
  A ball python (D:1)
  An endoplasm (D:1)
  A giant cockroach (D:1)
  A goblin (D:1)
  2 kobolds (D:1)
  2 quokkas (D:1)
  2 bats (D:1)
10 creatures vanquished.

Notes
Turn   | Place    | Note
-------+----------+-------------------------------------------
     0 | D:1      | sokol815 the Demigod Fighter began the quest for the Orb.
     0 | D:1      | Reached XP level 1. HP: 18/18 MP: 3/3
    71 | D:1      | Reached skill level 2 in Long Blades
   156 | D:1      | Reached XP level 2. HP: 13/25 MP: 4/4
   157 | D:1      | HP: 5/25 [frozen (3)]
   157 | D:1      | Frozen to death by an endoplasm

Illustrated notes

Levels and vault maps discovered:
D:1:      minmay_arrival_stone_box, layout_loops_ring

Skill      XL: |  1 |
---------------+----+-----
Long Blades    | 2 |  2.6
Fighting       | |  2.6
Armour         | |  2.6
Shields        | |  2.6

Action                     || total
---------------------------++-------
  Melee: Long sword        ||    19
  Throw: Stone             ||     5
 Armour: Scale mail        ||     9
  Dodge: Dodged            ||    15
  Block: Buckler           ||     4

Table legend: (Time is in decaauts)
 A = Elapsed time spent in this place.
 B = Non-inter-level travel time spent in this place.
 C = Inter-level travel time spent in this place.
 D = Time resting spent in this place.
 E = Time spent auto-exploring this place.
 F = Levels seen in this place.
 G = Mean time per level.
                   A        B        C        D        E       F      G
               +--------+--------+--------+--------+--------+-----+--------+
         Total |    163 |    163 |      0 |      0 |    111 |   1 |  163.0 |
       Dungeon |    163 |    163 |      0 |      0 |    111 |   1 |  163.0 |
               +--------+--------+--------+--------+--------+-----+--------+

Top non-repeatable levels by time:
     D:1: 163 daAuts

Table legend:
 A = Kills in this place as a percentage of kills in entire the game.
 B = Kills by you in this place as a percentage of kills by you in the entire game.
 C = Kills by friends in this place as a percentage of kills by friends in the entire game.
 D = Other kills in this place as a percentage of other kills in the entire game.
 E = Experience gained in this place as a percentage of experience gained in the entire game.
 F = Experience gained in this place divided by the number of levels of this place that you have seen.
                   A       B       C       D       E      F
               +-------+-------+-------+-------+-------+----------------------
         Total | 100.0 | 100.0 |   N/A |   N/A | 100.0 |  18.0
       Dungeon | 100.0 | 100.0 |   N/A |   N/A | 100.0 |  18.0
               +-------+-------+-------+-------+-------+----------------------
